 Dungeon Crawl Stone Soup version 0.21-a0-283-g622b906 (webtiles) character file.

65 nikopol the Firebug (level 3, -3/19 HPs)
             Began as a Deep Elf Fire Elementalist on Sept 24, 2017.
             Slain by a goblin
             ... wielding a cursed -1 club
             ... led by Robin
              (5 damage)
             ... on level 2 of the Dungeon.
             The game lasted 00:04:40 (1641 turns).

nikopol the Firebug (Deep Elf Fire Elementalist)    Turns: 1641, Time: 00:04:40

Health: -3/19      AC:  2    Str:  5    XL:     3   Next: 94%
Magic:  1/10       EV: 13    Int: 20    God:
Gold:   132        SH:  0    Dex: 15    Spells: 6/9 levels left

rFire    . . .     SeeInvis .   h - +0 short sword
rCold    . . .     Gourm    .   (no shield)
rNeg     . . .     Faith    .   a - +0 robe
rPois    .         Spirit   .   (no helmet)
rElec    .         Reflect  .   (no cloak)
rCorr    .         Harm     .   (no gloves)
MR       .....                  (no boots)
Stlth    ++........             (no amulet)
HPRegen  0.06/turn              (no ring)
MPRegen  0.12/turn              (no ring)

@: no status effects
A: no striking features
a: no special abilities


You were on level 2 of the Dungeon.
You were not hungry.

You visited 1 branch of the dungeon, and saw 2 of its levels.

You collected 132 gold pieces.

Inventory:

Hand Weapons
 h - a +0 short sword (weapon)
Armour
 a - a +0 robe (worn)
Jewellery
 e - an uncursed ring of poison resistance {unknown}
Scrolls
 d - a scroll of identify {unknown}
 g - a scroll of noise {unknown}
 l - a scroll of blinking {unknown}
Potions
 f - a potion of lignification {unknown}
 i - a potion of might {unknown}
 j - a potion of haste {unknown}
 k - a potion of heal wounds {unknown}
Books
 b - a book of Flames

   Spells                             Type                      Level
   a - Flame Tongue                   Conjuration/Fire             1
   b - Throw Flame                    Conjuration/Fire             2
   c - Conjure Flame                  Conjuration/Fire             3
   d - Inner Flame                    Hexes/Fire                   3
   e - Sticky Flame                   Conjuration/Fire             4
   f - Fireball                       Conjuration/Fire             5
Comestibles
 c - a bread ration


   Skills:
 + Level 2.5 Dodging
 + Level 2.5 Stealth
 + Level 3.8 Spellcasting
 + Level 2.0 Conjurations
 + Level 4.4 Fire Magic


You had 6 spell levels left.
You knew the following spells:

 Your Spells              Type           Power        Failure   Level  Hunger
a - Flame Tongue          Conj/Fire      ###..        3%          1    None
b - Throw Flame           Conj/Fire      ###...       5%          2    ##.....


Dungeon Overview and Level Annotations

Branches:
Dungeon (2/15)

Altars:
Xom

Annotations:
D:1 1 runed door
D:2 Robin


Message History

* * * LOW HITPOINT WARNING * * *
Robin points. "Kill!"
Casting: Flame Tongue
Confirm with . or Enter, or press ? or * to list all spells.
Aiming: Flame Tongue
Press: ? - help, Shift-Dir - straight line, f - goblin, p - goblin
Aim: a goblin (unusually strong)
The flame tongue hits the goblin.
The goblin is heavily wounded.
The goblin closely misses you. x2
Casting: Flame Tongue
Confirm with . or Enter, or press ? or * to list all spells.
You don't have enough magic to cast that spell.
Unknown command.
You barely miss the goblin.
The goblin is heavily wounded.
The goblin hits you.
* * * LOW HITPOINT WARNING * * *
The goblin hits you with a club.
You die...

.# #.# #### .# #)#
#... ># # #.# #..#
. . #.###..## .# #$
#)....... ..
#.##.###..## .#
#...)###..# ..#
#.....##..#####...#
#....(...(g@gggg.#
##....#########..#
#.#.## )# #.#.# #
..#.# ####.# #.#
#.#


You could see Robin and 4 goblins.

Vanquished Creatures
  A worm (D:2)
  5 dart slugs
  2 leopard geckos
  2 giant cockroaches (D:1)
  4 hobgoblins
  3 jackals (D:1)
  A kobold (D:2)
  6 bats
  5 frilled lizards
  14 goblins
  4 rats (D:1)
47 creatures vanquished.

Notes
Turn   | Place    | Note
-------+----------+-------------------------------------------
     0 | D:1      | nikopol the Deep Elf Fire Elementalist began the quest for the Orb.
     0 | D:1      | Reached XP level 1. HP: 10/10 MP: 6/6
     1 | D:1      | Found a runed door.
   211 | D:1      | Reached XP level 2. HP: 15/15 MP: 6/8
   225 | D:1      | Learned a level 2 spell: Throw Flame
   373 | D:1      | Reached skill level 4 in Fire Magic
   623 | D:1      | Reached XP level 3. HP: 19/19 MP: 8/10
   649 | D:1      | Found a shimmering altar of Xom.
  1634 | D:2      | Noticed Robin
  1641 | D:2      | Slain by a goblin

Vault maps used:
D:1:      dpeg_arrival_caged_fury, xom_teletrap_fun
D:2:      marbit_many_paths, uniq_robin

Skill      XL: |  1  2  3 |
---------------+----------+-----
Fire Magic     | 4 |  4.4
Conjurations   | 2 |  2.0
Dodging        | |  2.5
Stealth        | |  2.5
Spellcasting   | |  3.8

Action                   || total
-------------------------++-------
Melee: Short sword       ||     4
 Cast: Flame Tongue      ||    88
  Eat: Chunk             ||     2
Armor: Robe              ||     5
Dodge: Dodged            ||    20

Table legend:
 A = Spawn XP
 B = Non-spawn XP
 C = Spawn XP percentage of total XP
 D = Spawn monster count
 E = Non-spawn monster count
 F = Spawn count percentage of total count
 G = Total turns spent on level
                    A         B        C        D         E        F      G
               +---------+---------+-------+---------+---------+-------+---------
         Total |       0 |      94 |   0.0 |       0 |      47 |   0.0 |  1641
               +---------+---------+-------+---------+---------+-------+---------
           D:1 |       0 |      52 |   0.0 |       0 |      28 |   0.0 |  1156
           D:2 |       0 |      42 |   0.0 |       0 |      19 |   0.0 |   485
               +---------+---------+-------+---------+---------+-------+---------
